 Dungeon Crawl Stone Soup version 0.28-a0-1213-g0243856 (webtiles) character file.

Game seed: 7976467363448551028

147 DUBB the Chiller (level 5, -4/35 HPs)
             Began as a Human Ice Elementalist on Dec 18, 2019.
             Killed from afar by a steam dragon (9 damage)
             ... with a ball of steam
             ... on level 4 of the Dungeon on Dec 21, 2021.
             The game lasted 00:30:55 (2397 turns).

DUBB the Chiller (Human Ice Elementalist)           Turns: 2397, Time: 00:30:56

Health: -4/35      AC:  6    Str:  8    XL:     5   Next: 54%
Magic:  7/11       EV: 12    Int: 18    God:
Gold:   61         SH:  0    Dex: 13    Spells: 4/12 levels left

rFire   . . .      SeeInvis .   l - +2 mace (spect)
rCold   . . .      Faith    .   (no shield)
rNeg    . . .      Spirit   .   f - +1 robe
rPois   .          Reflect  .   (no helmet)
rElec   .          Harm     .   (no cloak)
rCorr   .          Rampage  .   (no gloves)
Will    .....                   (no boots)
Stlth   ++........              (no amulet)
HPRegen 0.11/turn               j - +3 ring of protection
MPRegen 0.12/turn               m - ring of wizardry

@: no status effects
A: no striking features
a: no special abilities


You were on level 4 of the Dungeon.
You visited 1 branch of the dungeon, and saw 4 of its levels.

You collected 103 gold pieces.
You spent 42 gold pieces at shops.

Inventory:

Hand Weapons
 e - a +0 hunting sling
 l - a +2 spectral mace (weapon)
Missiles
 b - 46 bolts
 i - 14 sling bullets
 n - 11 poisoned darts (quivered)
Armour
 f - a +1 robe (worn)
Jewellery
 j - a +3 ring of protection (left hand)
 m - a ring of wizardry (right hand)
Scrolls
 a - a scroll of teleportation
Potions
 d - 2 potions of berserk rage
 g - a potion of magic {unknown}
 h - 2 potions of lignification {unknown}
 k - 2 potions of curing
Comestibles
 c - 6 removed foods


   Skills:
 * Level 0.8 Maces & Flails
 - Level 0.1 Slings
 - Level 2.0 Dodging
 - Level 2.0 Stealth
 + Level 4.1 Spellcasting
 + Level 4.8 Ice Magic


You had 4 spell levels left.
You knew the following spells:

 Your Spells              Type           Power      Damage    Failure   Level
a - Freeze                Ice            84%        1d10      1%          1
b - Summon Ice Beast      Ice/Summ       12%        N/A       21%         4
c - Ozocubu's Armour      Ice            21%        N/A       2%          3

Your spell library contained the following spells:

 Spells                   Type           Power      Damage    Failure   Level
 Hailstorm                Conj/Ice       12%        3d5       21%         4


Dungeon Overview and Level Annotations

Branches:
Dungeon (4/15)
 Temple: D:4-7

Altars:

Shops:
D:2 !


Message History

You see here a hound corpse.
You see here a hound corpse.
A goblin comes into view. It is wielding a +0 dagger.
Found a stone staircase leading down.
The goblin shouts!
Casting: Freeze (safe; 1% risk of failure)
Confirm with . or Enter, or press ? or * to list all spells.
Aiming: Freeze (safe; 1% risk of failure)
Press: ? - help, Shift-Dir - straight line, f - goblin
Aim: a goblin, wielding a +0 dagger You freeze the goblin!
You kill the goblin!
Things that are here:
a +0 dagger; a goblin corpse
There is a stone staircase leading down here.
A steam dragon comes into view.
The steam dragon hisses angrily.
A steam dragon is nearby!
The steam dragon breathes steam at you. The ball of steam hits you!!
Ouch! That really hurt!
You hear an angry hiss.
You feel much better.
Things that are here:
a +0 dagger; a goblin corpse
Casting: Freeze (safe; 1% risk of failure)
Confirm with . or Enter, or press ? or * to list all spells.
The spell is extremely dangerous to miscast (21% risk of failure)!
Continue anyway?
A chill wind blows around you.
Your ice beast hits the steam dragon.
Your ice beast freezes the steam dragon.
The steam dragon breathes steam at you. The ball of steam hits your ice beast!
The ball of steam hits you. The steam dragon breathes steam at you.
The ball of steam hits you!!
Ouch! That really hurt!
* * * LOW HITPOINT WARNING * * *
The steam dragon breathes steam at you. The ball of steam hits you!
You die...

###### ####### #....#
......# #.##.#####
###.#.###.##..†..#
#.......######.# ########
#..###.........# #......#
#.†....<....#######.##.###
#.....#####.D§§.#........#
#.........#.###@#.##..##.#
......§§...Y)§§>.........#
##....§§.#+#.#####....#####
#.......§.....#......#
............#.#.####.###
...#....##...# #....# .
#....###### ##.#.# #....#
#.#.## ###.## #....#


There were no monsters in sight!

Vanquished Creatures
  A hound (D:4)
  Terence (D:2)
  2 adders
  A white imp (D:3)
  2 dart slugs
  6 orcs (D:3)
  2 endoplasms
  2 giant cockroaches
  7 goblins
  5 hobgoblins
  6 kobolds
  2 quokkas (D:3)
  3 ball pythons (D:2)
  6 bats
  5 frilled lizards
  4 rats
55 creatures vanquished.

Vanquished Creatures (others)
  4 plants (D:2)
4 creatures vanquished.

Grand Total: 59 creatures vanquished

Notes
Turn   | Place    | Note
-------+----------+-------------------------------------------
     0 | D:1      | DUBB the Human Ice Elementalist began the quest for the
                  | Orb.
     0 | D:1      | Reached XP level 1. HP: 13/13 MP: 3/3
   332 | D:1      | Reached XP level 2. HP: 19/19 MP: 1/5
  1011 | D:1      | Upgraded the game from 0.25-a0-294-gea9b1ad to
                  | 0.28-a0-1213-g0243856
  1099 | D:2      | Reached XP level 3. HP: 15/24 MP: 0/7
  1405 | D:2      | Found Nyepune's Distillery.
  1420 | D:2      | Bought a potion of curing for 42 gold pieces
  1445 | D:2      | Noticed Terence
  1455 | D:2      | Killed Terence
  1456 | D:2      | Reached XP level 4. HP: 20/30 MP: 2/9
  1632 | D:2      | Found a faded altar of an unknown god.
  1634 | D:2      | Noticed a floating eye
  1634 | D:2      | Noticed a great orb of eyes
  1635 | D:2      | Noticed an eye of devastation
  1635 | D:2      | Noticed a shining eye
  2054 | D:3      | Reached XP level 5. HP: 31/35 MP: 2/10
  2062 | D:3      | Learned a level 4 spell: Summon Ice Beast
  2066 | D:3      | Learned a level 3 spell: Ozocubu's Armour
  2384 | D:4      | Noticed a steam dragon
  2397 | D:4      | Killed from afar by a steam dragon

Illustrated notes

Levels and vault maps discovered:
D:1:      kilobyte_arrival_exit_the_forest, layout_basic, minivault_14
D:2:      cheibrodos_old_hovel, layout_basic, kennysheep_orc_sif_temple,
          hellmonk_ecumenical_altar_watching_god, serial_shops, shop_fountains,
          uniq_terence
D:3:      layout_rooms
D:4:      layout_basic, gammafunk_ghost_abyssal_escape, minmay_liquid_box,
          uniq_menkaure

Skill      XL: |  1  2  3  4  5 |
---------------+----------------+-----
Spellcasting   | 3 4 |  4.1
Maces & Flails | |  0.8
Slings         | |  0.1
Dodging        | |  2.0
Stealth        | |  2.0
Ice Magic      | |  4.8

Action                   |  1- 3 |  4- 6 || total
-------------------------+-------+-------++-------
Melee: Unarmed           |     4 |       ||     4
       Spear             |     9 |       ||     9
       Mace              |       |     7 ||     7
 Fire: Hunting sling     |     6 |       ||     6
 Cast: Freeze            |    54 |    43 ||    97
       Summon Ice Beast  |       |     2 ||     2
  Use: Scroll            |     5 |     3 ||     8
       Potion            |       |     3 ||     3
 Stab: Sleeping          |     2 |       ||     2
Armor: Robe              |    19 |     8 ||    27
Dodge: Dodged            |    31 |    16 ||    47

Table legend: (Time is in decaauts)
 A = Elapsed time spent in this place.
 B = Non-inter-level travel time spent in this place.
 C = Inter-level travel time spent in this place.
 D = Time resting spent in this place.
 E = Time spent auto-exploring this place.
 F = Levels seen in this place.
 G = Mean time per level.
                   A        B        C        D        E       F      G
               +--------+--------+--------+--------+--------+-----+--------+
         Total |   2400 |   2383 |     17 |    330 |      0 |   4 |  600.0 |
       Dungeon |   2400 |   2383 |     17 |    330 |      0 |   4 |  600.0 |
               +--------+--------+--------+--------+--------+-----+--------+

Top non-repeatable levels by time:
     D:2: 844 daAuts
     D:3: 372 daAuts
     D:4: 138 daAuts
     D:1: 34 daAuts
Note: time per level data comes from an upgraded game and may be incomplete.
